 Dungeon Crawl Stone Soup version 0.29.0-7-g18a832c13a (webtiles) character file.

Game seed: 2669158788988807451

2442 voltaire321 the Covert (level 9, -4/61 HPs)
             Began as an Octopode Transmuter on Aug 31, 2022.
             Was an Initiate of Wu Jian.
             Shot with an arrow by a centaur (13 damage)
             ... on level 6 of the Dungeon.
             The game lasted 00:18:01 (6285 turns).

voltaire321 the Covert (Octopode Transmuter)        Turns: 6285, Time: 00:18:01

Health: -4/61      AC:  5    Str:  9    XL:     9   Next: 49%
Magic:  16/17      EV: 16    Int: 15    God:    Wu Jian [......]
Gold:   279        SH:  5    Dex: 17    Spells: 9/19 levels left

rFire   . . .      SeeInvis .   r - +1 short sword (venom)
rCold   . . .      Faith    .   q - +0 buckler
rNeg    . . .      Spirit   .   (helmet restricted)
rPois   .          Reflect  .   (no amulet)
rElec   .          Harm     .   g - +4 ring of protection
rCorr   .          Rampage  .   (no ring)
Will    .....                   (no ring)
Stlth   +++++.....              (no ring)
HPRegen 0.20/turn               (no ring)
MPRegen 0.15/turn               (no ring)
                                (no ring)
                                (no ring)

@: wereblooded (expiring)
A: almost no armour, amphibious, 8 rings, camouflage 1, gelatinous body 1,
(nimble swimmer 1), tentacles
a: Renounce Religion


You were on level 6 of the Dungeon.
You worshipped Wu Jian.
Wu Jian was noncommittal.
You visited 2 branches of the dungeon, and saw 7 of its levels.
You also visited: Sewer and Ossuary.

You collected 376 gold pieces.
You spent 97 gold pieces at shops.

Inventory:

Hand Weapons
 r - a +1 short sword of venom (weapon)
 F - a +0 rapier
Missiles
 m - a curare-tipped dart (quivered)
 E - 2 throwing nets
Armour
 q - a +0 buckler (worn)
Jewellery
 g - a +4 ring of protection (left tentacle)
 D - a ring of fire
Scrolls
 d - a scroll of amnesia {unknown}
 h - a scroll of vulnerability {unknown}
 i - 4 scrolls of butterflies {unknown}
 j - 3 scrolls of enchant armour {unknown}
 k - a scroll of teleportation {unknown}
 l - a scroll of brand weapon {unknown}
 o - 2 scrolls of fear {unknown}
 p - 3 scrolls of enchant weapon {unknown}
 s - 3 scrolls of magic mapping {unknown}
 t - 3 scrolls of acquirement {unknown}
 u - a scroll of blinking {unknown}
 y - a scroll of torment {unknown}
 A - a scroll of summoning {unknown}
 C - a scroll of identify
Potions
 a - a potion of lignification
 b - 2 potions of brilliance
 c - a potion of resistance
 e - 3 potions of haste
 f - 6 potions of curing
 n - 3 potions of flight
 v - 2 potions of cancellation
 w - a potion of might
 x - a potion of heal wounds
 z - 3 potions of magic
 B - a potion of berserk rage


   Skills:
 + Level 5.6 Fighting
 + Level 5.9 Dodging
 + Level 8.3 Stealth
 + Level 4.9 Shields
 + Level 6.3 Unarmed Combat
 + Level 5.7 Spellcasting
 + Level 5.9 Transmutations
 + Level 0.7 Ice Magic
 + Level 5.9 Poison Magic


You had 9 spell levels left.
You knew the following spells:

 Your Spells              Type           Power      Damage    Failure   Level
a - Beastly Appendage     Tmut           44%        N/A       1%          1
b - Wereblood             Tmut           22%        N/A       2%          2
c - Spider Form           Tmut/Pois      22%        N/A       4%          3
d - Ice Form              Ice/Tmut       14%        N/A       43%         4

Your spell library contained the following spells:

 Spells                   Type           Power      Damage    Failure   Level
 Passwall                 Tmut/Erth      10%        N/A       9%          2
 Ensorcelled Hibernation  Hex/Ice        10%        N/A       26%         2
 Swiftness                Air            4%         N/A       50%         3


Dungeon Overview and Level Annotations

Branches:
Dungeon (6/15)             Temple (1/1) D:4           Sewer (visited)
Ossuary (visited)

Altars:
Ashenzari
Makhleb
Nemelex Xobeh
Okawaru
Qazlal
Trog
Uskayaw
Vehumet
Wu Jian

Shops:
D:3 *   D:4 (


Innate Abilities, Weirdness & Mutations

You cannot wear most types of armour.
You are amphibious.
You can wear up to eight rings at the same time.
Your skin changes colour to match your surroundings (Stealth+).
Your rubbery body absorbs attacks. (AC +1, EV +1)
((You are camouflaged when in or above water. (Stealth+)))
You have tentacles for arms and can constrict up to eight enemies at once.


Message History

The orc warrior is moderately wounded.
The centaur shoots an arrow.
The arrow hits you!
* * * LOW HITPOINT WARNING * * *
The shadow imp gestures at you.
You struggle to resist.
The necrophage misses you. The orc warrior closely misses you.
The orc warrior attacks as you move away!
The orc warrior hits you but does no damage.
The centaur shoots an arrow.
The arrow barely misses you.
The centaur shoots an arrow.
The arrow closely misses you.
The orc warrior throws a boomerang.
The boomerang completely misses you.
You feel much better. The shadow imp completely misses you.
The necrophage misses you.
The orc warrior throws a boomerang.
The boomerang completely misses you.
You bite the shadow imp!
You feel a bit better.
You kill the shadow imp!
The Council accepts your kill.
The centaur unwields a +0 shortbow.
The centaur misses you.
The centaur kicks you but does no damage.
The necrophage hits you.
The centaur hits you but does no damage.
The centaur kicks you.
You hit the centaur but do no damage. The centaur hits you.
The centaur completely misses you. The white imp misses you.
The necrophage closely misses you.
Your primal bloodlust is almost over.
The centaur wields a +0 shortbow.
The centaur shoots an arrow.
The arrow hits you!
* * * LOW HITPOINT WARNING * * *
The orc warrior barely misses you.
The necrophage attacks as you move away!
The necrophage hits you but does no damage.
The orc warrior attacks as you move away!
The orc warrior misses you.
Your transformation has ended.
Your +1 short sword of venom unmelds from your body.
Your +0 buckler unmelds from your body.
Your +1 short sword of venom begins to drip with poison!
The centaur shoots an arrow.
The arrow hits you!
You die...

#######.. ###@......#
##########...#####.##
#...........no†......
##.......#.c5.†..#..
#..†..#.[....#......#
#...#.....#.....#....
#..#....#...?#....#..
###...#...#...#...#.
.
#....#..#..#..#..#..#
..


You could see an orc warrior (very poisoned), a necrophage, a centaur and a
white imp.

Vanquished Creatures
  A black bear (D:4)
  A kobold brigand (Sewer)
  3 elf zombies (D:4)
  Blork the orc (D:5)
  2 scorpions
  2 elf skeletons (D:4)
  3 hounds (D:6)
  A centaur zombie (Ossuary)
  2 jellies
  2 gnoll boudas
  An orc priest (D:5)
  3 human skeletons (D:4)
  2 iguanas
  Terence (D:2)
  5 mummies (Ossuary)
  Robin (D:2)
  11 gnolls
  2 adders
  5 river rats
  2 shadow imps
  8 dart slugs
  4 orcs
  4 endoplasms
  6 giant cockroaches
  2 gnoll zombies (Ossuary)
  7 hobgoblins
  7 jackals
  18 kobolds
  5 quokkas
  4 ball pythons
  A bat (D:2)
  2 frilled lizards
  11 goblins
  2 goblin zombies (Ossuary)
  3 hobgoblin zombies (Ossuary)
  2 orc skeletons (D:4)
  An orc zombie (D:4)
  9 rats
147 creatures vanquished.

Vanquished Creatures (others)
  An adder (D:6)
  4 toadstools (D:5)
5 creatures vanquished.

Grand Total: 152 creatures vanquished

Notes
Turn   | Place    | Note
-------+----------+-------------------------------------------
     0 | D:1      | voltaire321 the Octopode Transmuter began the quest for the
                  | Orb.
     0 | D:1      | Reached XP level 1. HP: 13/13 MP: 3/3
   209 | D:1      | Reached XP level 2. HP: 10/18 MP: 3/5
   860 | D:1      | Learned a level 2 spell: Wereblood
  1076 | D:1      | Reached skill level 1 in Stealth
  1077 | D:1      | Reached XP level 3. HP: 20/23 MP: 2/6
  1254 | D:1      | Found a faded altar of an unknown god.
  1574 | D:2      | Noticed Terence
  1581 | D:2      | Killed Terence
  1582 | D:2      | Reached XP level 4. HP: 19/29 MP: 7/7
  1758 | D:2      | Noticed Robin
  1795 | D:2      | Killed Robin
  1916 | D:2      | Identified the +2 cloak of Jupp {-Tele Will+ Dex+6}
  2392 | D:2      | Reached skill level 2 in Stealth
  2540 | D:3      | Found a glowing drain.
  2556 | D:3      | Reached XP level 5. HP: 25/34 MP: 8/8
  2560 | Sewer    | Entered a sewer
  2740 | Sewer    | Noticed a kobold brigand
  2761 | Sewer    | Killed a kobold brigand
  2762 | Sewer    | Reached XP level 6. HP: 32/41 MP: 8/10
  2840 | Sewer    | Found a white marble altar of Elyvilon.
  3191 | D:3      | Learned a level 3 spell: Spider Form
  3350 | D:3      | Found Buucaef's Assorted Antiques.
  3358 | D:3      | Bought a sedimented white potion for 22 gold pieces
  3358 | D:3      | Bought a scroll labelled WENWUT KUMOJEC for 25 gold pieces
  3358 | D:3      | Bought a scroll labelled ETAFA CUSED for 25 gold pieces
  3358 | D:3      | Bought a scroll labelled YGGUTHEOTE for 25 gold pieces
  3552 | D:3      | Reached skill level 3 in Stealth
  3976 | D:4      | Found Ebinos's Weapon Emporium.
  3978 | D:4      | Identified the +0 pair of boots "Hassox" {rPois rC- Will+}
  4104 | D:4      | Reached skill level 1 in Poison Magic
  4104 | D:4      | Reached XP level 7. HP: 22/45 MP: 11/11
  4125 | D:4      | Reached skill level 1 in Shields
  4151 | D:4      | Found a sand-covered staircase.
  4156 | Ossuary  | Entered an ossuary
  4249 | Ossuary  | Reached skill level 4 in Stealth
  4665 | D:4      | Reached XP level 8. HP: 52/52 MP: 13/13
  4673 | D:4      | Found a staircase to the Ecumenical Temple.
  4705 | Temple   | Entered the Ecumenical Temple
  4724 | Temple   | Became a worshipper of the Wu Jian Council
  5109 | D:5      | Entered Level 5 of the Dungeon
  5123 | D:5      | Found a bloodstained altar of Trog.
  5132 | D:5      | Found a sparkling altar of Nemelex Xobeh.
  5430 | D:5      | Reached skill level 5 in Fighting
  5430 | D:5      | Reached skill level 5 in Dodging
  5430 | D:5      | Reached skill level 8 in Stealth
  5430 | D:5      | Reached skill level 5 in Spellcasting
  5430 | D:5      | Reached skill level 5 in Transmutations
  5430 | D:5      | Reached skill level 5 in Poison Magic
  5430 | D:5      | Reached XP level 9. HP: 61/61 MP: 13/17
  5437 | D:5      | Learned a level 4 spell: Ice Form
  5739 | D:5      | Noticed Blork the orc
  5746 | D:5      | Killed Blork the orc
  6279 | D:6      | HP: 3/61 [centaur/arrow (8)]
  6285 | D:6      | Shot with an arrow by a centaur

Illustrated notes

Levels and vault maps discovered:
D:1:      dpeg_arrival_court, layout_loops_cross, basic_ecumenical_altar,
          minmay_cupped
D:2:      layout_basic, uniq_terence, uniq_robin
D:3:      layout_loops_ring, serial_shops, nicolae_shop_crystal,
          portal_sewer_entry_b, grunt_decor_cap, hex_tiny, columned_hall_lemuel
D:4:      layout_basic, minmay_temple_entry_ruins,
          nicolae_ossuary_entry_catacombs, serial_shops, nicolae_lakefront_shop,
          minivault_24
D:5:      layout_basic, mainiacjoe_overflow_catwalk_spiral,
          minmay_gold_behind_fungi, uniq_blork_the_orc
D:6:      layout_loops_cross, chequers_serial_rivers_room_b,
          nicolae_shop_i_like_big_books, minmay_increasing_density
Temple:   eino_temple_scatter_basement

Skill      XL: |  1  2  3  4  5  6  7  8 |
---------------+-------------------------+-----
Stealth        | 1 2 3 4 8 |  8.3
Fighting       | 2 3 5 |  5.6
Dodging        | 3 5 |  5.9
Transmutations | 3 5 |  5.9
Spellcasting   | 3 5 |  5.7
Unarmed Combat | 4 6 |  6.3
Poison Magic   | 1 2 5 |  5.9
Shields        | 2 4 |  4.9
Ice Magic      | |  0.7

Action                   |  1- 3 |  4- 6 |  7- 9 || total
-------------------------+-------+-------+-------++-------
Melee: Unarmed           |    11 |       |    41 ||    52
       Constrict         |    12 |    38 |    36 ||    86
       Kick              |     8 |    43 |    45 ||    96
       Tentacles         |    13 |    25 |    35 ||    73
       Short sword       |    37 |   142 |   142 ||   321
       Punch             |     1 |     2 |     4 ||     7
Throw: Dart              |       |       |     3 ||     3
 Cast: Beastly Appendage |    11 |    24 |    19 ||    54
       Wereblood         |     1 |     4 |     7 ||    12
       Spider Form       |       |       |     4 ||     4
Invok: Lunge             |       |       |     4 ||     4
  Use: Scroll            |       |     2 |     8 ||    10
       Potion            |       |       |     3 ||     3
 Stab: Sleeping          |    10 |    18 |    13 ||    41
Armor: Skin              |     4 |    23 |    33 ||    60
Dodge: Dodged            |    25 |    83 |   127 ||   235
Block: Buckler           |       |     1 |    16 ||    17
